 Dungeon Crawl Stone Soup version 0.24-a0-479-g9a978d2894 (webtiles) character file.

Game seed: 1001152709924396920

28 Azzok the Shield-Bearer (level 3, 0/29 HPs)
             Began as a Formicid Fighter on July 6, 2019.
             Slain by a quokka (4 damage)
             ... on level 2 of the Dungeon.
             The game lasted 00:01:09 (1048 turns).

Azzok the Shield-Bearer (Formicid Fighter)          Turns: 1048, Time: 00:01:10

Health: 0/29       AC:  6    Str: 21    XL:     3   Next: 30%
Magic:  3/3        EV:  9    Int:  7    God:
Gold:   103        SH:  4    Dex: 10    Spells: 2/2 levels left

rFire    . . .     SeeInvis +   a - +0 war axe
rCold    + . .     Gourm    .   l - +0 buckler
rNeg     . . .     Faith    .   b - +0 scale mail
rPois    .         Spirit   .   (helmet unavailable)
rElec    .         Reflect  .   (no cloak)
rCorr    .         Harm     .   (no gloves)
MR       .....                  (no boots)
Stlth    ..........             (no amulet)
HPRegen  0.09/turn              m - ring of protection from cold
MPRegen  0.08/turn              (no ring)

@: no status effects
A: permanent stasis, dig shafts and tunnels, four strong arms, antennae 3
a: Dig, Shaft Self


You were on level 2 of the Dungeon.
You were not hungry.

You visited 1 branch of the dungeon, and saw 2 of its levels.

You collected 103 gold pieces.

Inventory:

Hand Weapons
 a - a +0 war axe (weapon)
Armour
 b - a +0 scale mail (worn)
 c - a +0 shield
 l - a +0 buckler (worn)
Jewellery
 m - a ring of protection from cold (left hand)
Scrolls
 e - a scroll of remove curse {unknown}
 g - 2 scrolls of identify {unknown}
 j - a scroll of enchant weapon {unknown}
 k - 3 scrolls of teleportation {unknown}
Potions
 d - a potion of might
 h - 2 potions of curing {unknown}
 i - 3 potions of brilliance {unknown}
 n - 3 potions of heal wounds {unknown}
Comestibles
 f - 2 rations
 o - 9 chunks of flesh


   Skills:
 - Level 3.2 Fighting
 + Level 2.8 Axes
 - Level 3.2 Armour
 + Level 4.4 Shields


You had 2 spell levels left.
You didn't know any spells.
Your spell library was empty.

Dungeon Overview and Level Annotations

Branches:
Dungeon (2/15)

Altars:


Innate Abilities, Weirdness & Mutations

You cannot be hasted, slowed, berserked, paralysed or teleported.
You can dig through walls and to a lower floor.
Your four strong arms can wield two-handed weapons with a shield.
You have a pair of large antennae on your head. (SInv)


Message History

The quokka bites you but does no damage.
The worm bites you.
You barely miss the worm.
The worm is almost dead.
You barely miss the quokka.
The quokka bites you but does no damage.
The worm bites you!
* * * LOW HITPOINT WARNING * * *
The quokka bites you but does no damage.
You block the quokka's attack.
You see here a cursed -1 spear.
The quokka barely misses you. You block the quokka's attack.
The quokka bites you but does no damage.
There is an open door here.
You barely miss the quokka. The quokka barely misses you.
You block the quokka's attack. You block the quokka's attack.
You barely miss the quokka. The quokka bites you.
You die...

·················▒ ▒·
▒▒▒▒▒▒'▒▒▒▒▒▒▒··▒ ▒·▒ ▒·▒ ▒··▒
▒▒·▒ ▒▒▒▒▒·▒▒▒▒▒ ▒(·▒ ▒)·▒
▒···╬·'···▒ ▒··▒ ▒··▒ ▒·▒▒▒·▒▒▒·▒
▒··▒ ▒··▒ ▒·▒ ▒·▒ ▒·▒ ▒··▒
▒··▒▒▒'▒▒▒·▒▒▒'▒▒▒··▒
▒··'···r@········'··▒
▒·w▒▒▒'▒▒▒·▒▒▒'▒▒▒··▒
▒▒▒▒▒▒▒▒▒··▒ ▒·▒ ▒·▒ ▒·▒ ▒··▒
····)······▒ ▒·▒▒▒·▒▒▒·▒ ▒··▒
······▒▒▒▒·▒ ▒···'·'···▒ ▒··▒
······▒ ▒·▒ ▒▒▒▒▒·▒▒▒▒▒ ▒··▒
···········▒ ▒·▒ ▒··▒
·······▒▒··▒▒▒▒▒▒▒╬▒▒▒▒▒▒▒··▒
········$···················▒▒▒▒▒


You could see a worm and a quokka.

Vanquished Creatures
  An ooze (D:1)
  2 worms (D:2)
  2 ball pythons (D:1)
  3 goblins
  A hobgoblin (D:2)
  4 bats (D:1)
  A frilled lizard (D:1)
  2 kobolds (D:1)
  4 rats
20 creatures vanquished.

Notes
Turn   | Place    | Note
-------+----------+-------------------------------------------
     0 | D:1      | Azzok the Formicid Fighter began the quest for the Orb.
     0 | D:1      | Reached XP level 1. HP: 18/18 MP: 1/1
   194 | D:1      | Reached XP level 2. HP: 22/24 MP: 2/2
   295 | D:1      | Reached skill level 4 in Shields
   861 | D:2      | Reached XP level 3. HP: 25/29 MP: 3/3
  1048 | D:2      | Slain by a quokka

Levels and vault maps discovered:
D:1:      dpeg_arrival_radiant, layout_basic, chequers_serial_rivers_large_a
D:2:      layout_rooms, minmay_door_square

Skill      XL: |  1  2 |
---------------+-------+-----
Shields        | 4 |  4.4
Fighting       | |  3.2
Axes           | |  2.8
Armour         | |  3.2

Action                   || total
-------------------------++-------
Melee: War axe           ||    53
Armor: Scale mail        ||    28
Dodge: Dodged            ||    23
Block: Shield            ||     4
       Buckler           ||    14

Table legend:
 A = Non-vault XP
 B = Vault XP
 C = Vault XP percentage of total XP
 D = Non-vault monster count
 E = Vault monster count
 F = Vault count percentage of total count
                 A         B        C        D         E       F
            +---------+---------+-------+---------+---------+-------
      Total |      41 |       0 |   0.0 |      20 |       0 |   0.0
            +---------+---------+-------+---------+---------+-------
        D:1 |      26 |       0 |   0.0 |      15 |       0 |   0.0
        D:2 |      15 |       0 |   0.0 |       5 |       0 |   0.0
            +---------+---------+-------+---------+---------+-------
